Comets vs Marlies

Created - April 25, 2023 at 20:00

Goals
1 2 3 T
Comets 0 3 1 4
Marlies 1 2 3 6
Shots
1 2 3 T
Comets 9 8 9 26
Marlies 13 9 12 34

1st period

1. Marlies , Valentin Zykov 35 (Nicholas Baptiste 53, Colton Sissons 43) at 14:57

Penalties :
Daniel Zaar (Uti) for Diving (Minor) at 4:50, Pierre-Olivier Joseph (Tor) for Hooking (Minor) at 18:03

2nd period

2. Comets , Andrej Nestrasil 22 (Tony DeAngelo 52) at 4:16
3. Marlies , Logan Brown 17 (Keaton Thompson 11, Pierre-Olivier Joseph 22) at 6:00
4. Comets , Teemu Hartikainen 52 (Denis Gurianov 44, Tony DeAngelo 53) at 12:28
5. Comets , Denis Gurianov 36 (Teemu Hartikainen 55, Juuso Riikola 22) at 16:24
6. Marlies , Valentin Zykov 36 (Nicholas Baptiste 54, Colton Sissons 44) at 17:24

Penalties :
No Penalty

3rd period

7. Comets , Ryan Lomberg 26 (Daniel Zaar 49, Andrej Nestrasil 41) at 0:32
8. Marlies , Nicholas Baptiste 37 (Colton Sissons 45) at 0:47
9. Marlies , Aleksi Saarela 26 (Pierre-Olivier Joseph 23, Charlie Lindgren) at 6:12 (SH)
10. Marlies , Pierre-Olivier Joseph 6 (Mathieu Olivier 18) at 18:12 (PP)

Penalties :
Keaton Thompson (Tor) for Holding (Minor) at 5:14, Nicolas Petan (Uti) for Boarding (Minor) at 8:24, Adam Ollas-Mattsson (Uti) for Goalie Interference (Minor) at 11:56, Daniel Zaar (Uti) for Roughing (Minor) at 16:47

Goalie Stats

Thatcher Demko (Uti), 28 saves from 34 shots - (0.824), L, 29-15-1, 60:00 minutes
Charlie Lindgren (Tor), 22 saves from 26 shots - (0.846), W, 25-13-2, 60:00 minutes

Players Stats for Comets

Player Name              G  A  P  +/- PIM S  H  SB GA TA FO     MP     PP MP  PK MP  
------------------------------------------------------------------------------------
Adam Ollas-Mattsson      0  0  0   0  2   0  0  0  0  0  0/0     0:25   0:00   0:00 
Andrej Nestrasil         1  1  2   2  0   4  1  0  0  0  11/13  14:59   0:18   1:58 
Anton Zlobin             0  0  0   0  0   0  0  0  0  0  0/0     0:50   0:18   0:00 
Curtis Lazar             0  0  0  -1  0   2  0  0  2  0  0/0     8:03   0:00   0:00 
Dan Renouf               0  0  0   0  0   0  1  2  0  0  0/0    13:57   0:00   3:08 
Daniel Zaar              0  1  1   1  4   0  0  1  1  0  2/3    17:33   1:53   1:41 
Daniil Miromanov         0  0  0  -1  0   0  0  0  0  1  0/0    11:33   1:49   0:00 
Denis Gurianov           1  1  2  -1  0   5  0  0  1  0  1/2    20:21   1:47   0:00 
Gustav Lindstrom         0  0  0   1  0   0  1  0  0  0  0/0    15:50   0:00   0:00 
Jean-Sebastien Dea       0  0  0   0  0   0  1  0  0  0  1/3     7:48   0:00   0:00 
Joel Eriksson Ek         0  0  0  -2  0   1  1  1  0  1  3/7    12:56   1:53   2:49 
Jonas Brodin             0  0  0  -1  0   1  1  3  1  2  0/0    28:16   2:09   4:14 
Juho Lammikko            0  0  0   0  0   0  0  0  0  0  0/0     0:00   0:00   0:00 
Juuso Riikola            0  1  1   0  0   0  2  1  0  0  0/0    21:30   1:49   4:14 
Nicolas Petan            0  0  0  -1  2   1  3  0  1  0  15/32  22:30   1:47   1:14 
Phil Di Giuseppe         0  0  0   0  0   1  0  0  0  0  0/0    10:36   0:21   1:55 
Ryan Lomberg             1  0  1   1  0   5  3  1  1  0  0/0    14:37   1:53   0:00 
Teemu Hartikainen        1  1  2  -1  0   3  3  2  0  1  0/2    24:36   1:44   3:26 
Teemu Pulkkinen          0  0  0  -1  0   1  0  1  1  0  0/0     9:51   0:00   1:41 
Tony DeAngelo            0  2  2  -1  0   2  0  4  1  1  0/0    28:35   2:09   3:08 
Vince Hinostroza         0  0  0   0  0   0  0  0  0  0  0/0     7:48   0:00   0:00 
William Lockwood         0  0  0   0  0   0  0  0  0  0  0/0     0:00   0:00   0:00 

Players Stats for Marlies

Player Name              G  A  P  +/- PIM S  H  SB GA TA FO     MP     PP MP  PK MP  
------------------------------------------------------------------------------------
Aleksi Saarela           1  0  1  -3  0   1  1  0  2  0  4/11   19:08   3:36   1:10 
Alex Formenton           0  0  0   0  0   2  1  0  0  0  2/3    10:54   0:00   0:00 
Brett Pesce              0  0  0   1  0   3  1  2  0  0  0/0    28:20   5:05   2:19 
Colton Sissons           0  3  3   3  0   3  2  0  0  0  20/36  21:57   3:38   2:21 
Dennis Gilbert           0  0  0   0  0   1  1  2  0  0  0/0    14:05   0:00   1:39 
Dmitri Samorukov         0  0  0  -1  0   1  0  0  0  1  0/0    12:18   0:00   0:00 
Henri Ikonen             0  0  0   1  0   2  1  0  0  0  0/0     7:53   0:08   0:17 
Jeff Corbett             0  0  0   1  0   0  1  4  0  2  0/0    28:17   5:05   2:16 
Keaton Thompson          0  1  1   0  2   0  1  1  0  1  0/0    18:35   2:17   0:53 
Logan Brown              1  0  1   1  0   2  1  0  1  0  0/4    12:13   0:08   0:50 
Martin Necas             0  0  0  -3  0   1  0  1  0  0  0/0    14:17   0:00   0:00 
Mathieu Olivier          0  1  1   0  0   2  1  0  0  1  0/1    14:38   3:36   0:00 
Matthew Highmore         0  0  0   0  0   0  0  1  0  1  1/2     7:06   0:00   0:00 
Nicholas Baptiste        1  2  3   3  0   7  2  1  3  1  1/2    19:20   3:38   0:00 
Pierre-Olivier Joseph    1  2  3   1  2   4  0  0  0  1  0/0    18:54   2:17   0:49 
Tobias Lindberg          0  0  0   0  0   1  0  1  0  0  1/1     7:21   0:08   0:00 
Tyler Benson             0  0  0  -3  0   0  1  0  0  1  0/0    18:47   3:36   0:50 
Valentin Zykov           2  0  2   3  0   4  1  1  0  0  0/2    21:57   3:38   2:28 

3 Stars

1 - Nicholas Baptiste (Tor)
2 - Valentin Zykov (Tor)
3 - Colton Sissons (Tor)

Power Play

Comets - 0 on 2 Attempt(s) - 0.00%
Marlies - 1 on 4 Attempt(s) - 25.00%

Penalty Kill

Comets - 3 on 4 Attempt(s) - 75.00% - Score 0 goal in Penalty Kill
Marlies - 2 on 2 Attempt(s) - 100.00% - Score 1 goal in Penalty Kill

Team Stat

Comets - Hits : 17 - Faceoff Wins : 33 - Blocked Shots : 16 - Penalty Minutes : 8
Marlies - Hits : 15 - Faceoff Wins : 29 - Blocked Shots : 14 - Penalty Minutes : 4

Official

Referees : Jean Hebert and Kyle Rehman
Linesman : Andrew Smith and Derek Nansen

Game Notes

No Game Note

Finance

Level 1 -- Attendance: 1796 (89.80%) -- Ticket Income $62,860
Level 2 -- Attendance: 895 (89.50%) -- Ticket Income $13,425
Total Attendance: 2691 (89.70%)
Total Ticket Income: $76,285
Other Income: $3,814
Total Income: $80,099

Comets

5 vs 5 Forward 
   Center                   Left Wing                Right Wing               Time % Phy DF OF 
 1 Nicolas Petan            Teemu Hartikainen        Denis Gurianov           50     1   2  2  
 2 Andrej Nestrasil         Ryan Lomberg             Daniel Zaar              36     1   2  2  
 3 Joel Eriksson Ek         Teemu Pulkkinen          Curtis Lazar             10     1   2  2  
 4 Jean-Sebastien Dea       Phil Di Giuseppe         Vince Hinostroza         4      1   2  2  

5 vs 5 Defense 
   Defense                  Defense                                           Time % Phy DF OF 
 1 Tony DeAngelo            Jonas Brodin                                      55     1   2  2  
 2 Gustav Lindstrom         Juuso Riikola                                     30     1   2  2  
 3 Daniil Miromanov         Dan Renouf                                        10     1   2  2  
 4 Gustav Lindstrom         Tony DeAngelo                                     5      1   2  2  

PowerPlay Forward 
   Center                   Left Wing                Right Wing               Time % Phy DF OF 
 1 Nicolas Petan            Teemu Hartikainen        Denis Gurianov           60     1   2  2  
 2 Joel Eriksson Ek         Ryan Lomberg             Daniel Zaar              40     1   2  2  

PowerPlay Defense
   Defense                  Defense                                           Time % Phy DF OF 
 1 Jonas Brodin             Tony DeAngelo                                     60     1   2  2  
 2 Juuso Riikola            Daniil Miromanov                                  40     1   2  2  

Penalty Kill 4 Players Forward 
   Center                   Wing                     Time % Phy DF OF 
 1 Daniel Zaar              Teemu Hartikainen        60     1   2  2  
 2 Nicolas Petan            Teemu Pulkkinen          40     1   2  2  

Penalty Kill 4 Players Defense
   Defense                  Defense                  Time % Phy DF OF 
 1 Jonas Brodin             Juuso Riikola            60     1   2  2  
 2 Tony DeAngelo            Dan Renouf               40     1   2  2  

Penalty Kill - 3 Players Forward 
   Forward                                           Time % Phy DF OF 
 1 Daniel Zaar                                       60     1   2  2  
 2 Nicolas Petan                                     40     1   2  2  

Penalty Kill - 3 Players Defense
   Defense                  Defense                  Time % Phy DF OF 
 1 Jonas Brodin             Juuso Riikola            60     1   2  2  
 2 Tony DeAngelo            Dan Renouf               40     1   2  2  

4 vs 4 Forward 
   Center                   Wing                     Time % Phy DF OF 
 1 Nicolas Petan            Teemu Hartikainen        60     1   2  2  
 2 Joel Eriksson Ek         Daniel Zaar              40     1   2  2  

4 vs 4 Defense
   Defense                  Defense                  Time % Phy DF OF 
 1 Jonas Brodin             Tony DeAngelo            60     1   2  2  
 2 Juuso Riikola            Dan Renouf               40     1   2  2  

Last Minutes Offensive
   Center                   Left Wing                Right Wing               Defense                  Defense                  
   Nicolas Petan            Teemu Hartikainen        Daniel Zaar              Tony DeAngelo            Daniil Miromanov         

Last Minutes Defensive
   Center                   Left Wing                Right Wing               Defense                  Defense                  
   Andrej Nestrasil         Teemu Hartikainen        Daniel Zaar              Tony DeAngelo            Juuso Riikola            

Goaltenders
Starting : Thatcher Demko           
Backup : Casey DeSmith            

Extra Forwards
Normal : Nicolas Petan, Denis Gurianov, Daniel Zaar - PP : Nicolas Petan, Daniel Zaar - PK : Joel Eriksson Ek
Extra Defensemen
Normal : Adam Ollas-Mattsson, Daniil Miromanov, Gustav Lindstrom - PP : Adam Ollas-Mattsson - PK : Daniil Miromanov, Gustav Lindstrom
Penalty Shots
Daniel Zaar, Denis Gurianov, Nicolas Petan, Teemu Hartikainen, Curtis Lazar

Scratches
Lane Pederson (Healthy), Jaret Anderson-Dolan (Healthy), Jack Rathbone (Healthy), Tyler Graovac (Healthy), William Lagesson (Healthy)
Rasmus Asplund (Healthy), Dmitry Sokolov (Healthy), Marek Langhamer (Healthy), Michael Dipietro (Healthy)

Marlies

5 vs 5 Forward 
   Center                   Left Wing                Right Wing               Time % Phy DF OF 
 1 Colton Sissons           Valentin Zykov           Nicholas Baptiste        40     1   2  2  
 2 Aleksi Saarela           Tyler Benson             Martin Necas             30     1   2  2  
 3 Logan Brown              Alex Formenton           Mathieu Olivier          20     1   2  2  
 4 Matthew Highmore         Henri Ikonen             Tobias Lindberg          10     1   2  2  

5 vs 5 Defense 
   Defense                  Defense                                           Time % Phy DF OF 
 1 Brett Pesce              Jeff Corbett                                      40     1   2  2  
 2 Pierre-Olivier Joseph    Keaton Thompson                                   30     1   2  2  
 3 Dennis Gilbert           Dmitri Samorukov                                  20     1   2  2  
 4 Brett Pesce              Jeff Corbett                                      10     1   2  2  

PowerPlay Forward 
   Center                   Left Wing                Right Wing               Time % Phy DF OF 
 1 Colton Sissons           Valentin Zykov           Nicholas Baptiste        60     1   2  2  
 2 Aleksi Saarela           Tyler Benson             Mathieu Olivier          40     1   2  2  

PowerPlay Defense
   Defense                  Defense                                           Time % Phy DF OF 
 1 Brett Pesce              Jeff Corbett                                      60     1   2  2  
 2 Pierre-Olivier Joseph    Keaton Thompson                                   40     1   2  2  

Penalty Kill 4 Players Forward 
   Center                   Wing                     Time % Phy DF OF 
 1 Colton Sissons           Valentin Zykov           60     1   2  2  
 2 Aleksi Saarela           Tyler Benson             40     1   2  2  

Penalty Kill 4 Players Defense
   Defense                  Defense                  Time % Phy DF OF 
 1 Brett Pesce              Jeff Corbett             60     1   2  2  
 2 Pierre-Olivier Joseph    Keaton Thompson          40     1   2  2  

Penalty Kill - 3 Players Forward 
   Forward                                           Time % Phy DF OF 
 1 Colton Sissons                                    60     1   2  2  
 2 Aleksi Saarela                                    40     1   2  2  

Penalty Kill - 3 Players Defense
   Defense                  Defense                  Time % Phy DF OF 
 1 Brett Pesce              Jeff Corbett             60     1   2  2  
 2 Pierre-Olivier Joseph    Keaton Thompson          40     1   2  2  

4 vs 4 Forward 
   Center                   Wing                     Time % Phy DF OF 
 1 Colton Sissons           Valentin Zykov           60     1   2  2  
 2 Aleksi Saarela           Tyler Benson             40     1   2  2  

4 vs 4 Defense
   Defense                  Defense                  Time % Phy DF OF 
 1 Brett Pesce              Jeff Corbett             60     1   2  2  
 2 Pierre-Olivier Joseph    Keaton Thompson          40     1   2  2  

Last Minutes Offensive
   Center                   Left Wing                Right Wing               Defense                  Defense                  
   Colton Sissons           Valentin Zykov           Nicholas Baptiste        Brett Pesce              Jeff Corbett             

Last Minutes Defensive
   Center                   Left Wing                Right Wing               Defense                  Defense                  
   Colton Sissons           Valentin Zykov           Nicholas Baptiste        Brett Pesce              Jeff Corbett             

Goaltenders
Starting : Charlie Lindgren         
Backup : Logan Thompson           

Extra Forwards
Normal : Logan Brown, Mathieu Olivier, Tyler Benson - PP : Logan Brown, Mathieu Olivier - PK : Logan Brown
Extra Defensemen
Normal : Keaton Thompson, Dennis Gilbert, Dmitri Samorukov - PP : Keaton Thompson - PK : Keaton Thompson, Dennis Gilbert
Penalty Shots
Nicholas Baptiste, Valentin Zykov, Colton Sissons, Aleksi Saarela, Logan Brown

Scratches
Brycen Martin (Healthy), Marc McLaughlin (Healthy), Jaden Lindo (Healthy), Jakob Forsbacka-Karlsson (Healthy), Radovan Bondra (Healthy)
Simon Bourque (Healthy), Mike Hardman (Healthy), Lucas Carlsson (Torn Left MCL Injury), Otto Koivula (Healthy), Jonathan Davidsson (Healthy)

% Time on Ice - Comets

Lines # - Real PCT - Wanted PCT - Time Play
Normal Forward
1 - 41% - 50% - 19:58
2 - 26% - 36% - 12:51
3 - 17% - 10% - 8:03
4 - 16% - 4% - 7:48
Normal Defense
1 - 45% - 55% - 21:53
2 - 34% - 30% - 16:40
3 - 20% - 10% - 9:36
4 - 1% - 5% - 0:31
PP Forward
1 - 53% - 60% - 2:05
2 - 47% - 40% - 1:53
PP Defense
1 - 54% - 60% - 2:09
2 - 46% - 40% - 1:49
PK Forward
1 - 77% - 60% - 5:41
2 - 23% - 40% - 1:41
PK Defense
1 - 57% - 60% - 4:14
2 - 43% - 40% - 3:08
PK3 Forward
1 - 0% - 60%
2 - 0% - 40%
PK3 Defense
1 - 0% - 60%
2 - 0% - 40%
44 Forward
1 - 0% - 60%
2 - 0% - 40%
44 Defense
1 - 0% - 60%
2 - 0% - 40%
Last Minute Offensive  - 0:00
Last Minute Defensive  - 0:00
Total
Forward - 60:00
Defense - 60:00

% Time on Ice - Marlies

Lines # - Real PCT - Wanted PCT - Time Play
Normal Forward
1 - 33% - 40% - 16:06
2 - 30% - 30% - 14:34
3 - 22% - 20% - 10:54
4 - 15% - 10% - 7:06
Normal Defense
1 - 38% - 40% - 18:31
2 - 32% - 30% - 15:26
3 - 25% - 20% - 12:18
4 - 5% - 10% - 2:25
PP Forward
1 - 51% - 60% - 3:46
2 - 49% - 40% - 3:36
PP Defense
1 - 69% - 60% - 5:05
2 - 31% - 40% - 2:17
PK Forward
1 - 79% - 60% - 3:08
2 - 21% - 40% - 0:50
PK Defense
1 - 57% - 60% - 2:16
2 - 43% - 40% - 1:42
PK3 Forward
1 - 0% - 60%
2 - 0% - 40%
PK3 Defense
1 - 0% - 60%
2 - 0% - 40%
44 Forward
1 - 0% - 60%
2 - 0% - 40%
44 Defense
1 - 0% - 60%
2 - 0% - 40%
Last Minute Offensive  - 0:00
Last Minute Defensive  - 0:00
Total
Forward - 60:00
Defense - 60:00

Play-by-Play

1st period


0:01 of 1st period - Nicolas Petan wins face-off versus Colton Sissons in neutral zone.
0:06 of 1st period - Wrist shot by Denis Gurianov.
0:06 of 1st period - Stopped by Charlie Lindgren with a rebound.
0:08 of 1st period - Backhand shot by Tony DeAngelo.
0:08 of 1st period - Stopped by Charlie Lindgren without a rebound.
0:09 of 1st period - Colton Sissons wins face-off versus Teemu Hartikainen in Marlies zone.
0:29 of 1st period - Wrist shot by Denis Gurianov.
0:29 of 1st period - Shot Misses the Net.
0:31 of 1st period - Wrist shot by Denis Gurianov.
0:31 of 1st period - Stopped by Charlie Lindgren without a rebound.
0:32 of 1st period - Andrej Nestrasil wins face-off versus Aleksi Saarela in Marlies zone.
0:57 of 1st period - Teemu Pulkkinen is hit by Mathieu Olivier and loses puck.
1:38 of 1st period - Tony DeAngelo is hit by Nicholas Baptiste.
1:57 of 1st period - Martin Necas is hit by Ryan Lomberg and loses puck.
2:26 of 1st period - Snap shot by Mathieu Olivier.
2:26 of 1st period - Stopped by Thatcher Demko without a rebound.
2:27 of 1st period - Colton Sissons wins face-off versus Nicolas Petan in Comets zone.
2:46 of 1st period - Jeff Corbett is hit by Teemu Hartikainen and loses puck.
3:02 of 1st period - Off-side.
3:03 of 1st period - Andrej Nestrasil wins face-off versus Aleksi Saarela in neutral zone.
3:18 of 1st period - Snap shot by Martin Necas.
3:18 of 1st period - Stopped by Thatcher Demko with a rebound.
3:35 of 1st period - Juuso Riikola is hit by Logan Brown and loses puck.
4:14 of 1st period - Snap shot by Matthew Highmore.
4:14 of 1st period - Shot Hit the Post.
4:16 of 1st period - Wrist shot by Tobias Lindberg.
4:16 of 1st period - Stopped by Thatcher Demko without a rebound.
4:17 of 1st period - Aleksi Saarela wins face-off versus Nicolas Petan in Comets zone.
4:30 of 1st period - Wrist shot by Martin Necas.
4:30 of 1st period - Shot Misses the Net.
4:32 of 1st period - Slapshot by Dennis Gilbert.
4:32 of 1st period - Shot Blocked by Dan Renouf.
4:50 of 1st period - Minor Penalty to Daniel Zaar for Diving.
4:51 of 1st period - Colton Sissons wins face-off versus Joel Eriksson Ek in Comets zone.
5:27 of 1st period - Snap shot by Brett Pesce.
5:27 of 1st period - Stopped by Thatcher Demko without a rebound.
5:28 of 1st period - Andrej Nestrasil wins face-off versus Colton Sissons in Comets zone.
5:51 of 1st period - Teemu Hartikainen is hit by Aleksi Saarela and loses puck.
6:50 of 1st period - Penalty to Daniel Zaar is over, Daniel Zaar is back on ice.
7:04 of 1st period - Snap shot by Henri Ikonen.
7:04 of 1st period - Shot Blocked by Daniel Zaar.
7:06 of 1st period - Slapshot by Dmitri Samorukov.
7:06 of 1st period - Deflect By Daniel Zaar.
7:06 of 1st period - Stopped by Thatcher Demko without a rebound.
7:07 of 1st period - Andrej Nestrasil wins face-off versus Logan Brown in Comets zone.
7:16 of 1st period - Snap shot by Mathieu Olivier.
7:16 of 1st period - Shot Misses the Net.
7:18 of 1st period - Slapshot by Mathieu Olivier.
7:18 of 1st period - Shot Misses the Net.
7:20 of 1st period - Slapshot by Pierre-Olivier Joseph.
7:20 of 1st period - Stopped by Thatcher Demko with a rebound.
8:34 of 1st period - Mathieu Olivier is hit by Ryan Lomberg and loses puck.
8:47 of 1st period - Aleksi Saarela is hit by Nicolas Petan and loses puck.
8:56 of 1st period - Slapshot by Aleksi Saarela.
8:56 of 1st period - Shot Blocked by Tony DeAngelo.
8:58 of 1st period - Backhand shot by Aleksi Saarela.
8:58 of 1st period - Shot Misses the Net.
9:12 of 1st period - Snap shot by Curtis Lazar.
9:12 of 1st period - Shot Misses the Net.
9:14 of 1st period - Wrist shot by Joel Eriksson Ek.
9:14 of 1st period - Deflect By Curtis Lazar.
9:14 of 1st period - Stopped by Charlie Lindgren without a rebound.
9:15 of 1st period - Colton Sissons wins face-off versus Joel Eriksson Ek in Marlies zone.
9:20 of 1st period - Snap shot by Colton Sissons.
9:20 of 1st period - Stopped by Thatcher Demko without a rebound.
9:21 of 1st period - Nicolas Petan wins face-off versus Colton Sissons in Comets zone.
9:47 of 1st period - Wrist shot by Nicholas Baptiste.
9:47 of 1st period - Stopped by Thatcher Demko with a rebound.
9:49 of 1st period - Slapshot by Valentin Zykov.
9:49 of 1st period - Shot Misses the Net.
9:51 of 1st period - Snap shot by Nicholas Baptiste.
9:51 of 1st period - Shot Misses the Net.
9:53 of 1st period - Wrist shot by Colton Sissons.
9:53 of 1st period - Shot Blocked by Dan Renouf.
9:55 of 1st period - Slapshot by Dmitri Samorukov.
9:55 of 1st period - Shot Misses the Net.
9:57 of 1st period - Snap shot by Valentin Zykov.
9:57 of 1st period - Shot Misses the Net.
9:59 of 1st period - Snap shot by Colton Sissons.
9:59 of 1st period - Stopped by Thatcher Demko without a rebound.
10:00 of 1st period - Aleksi Saarela wins face-off versus Nicolas Petan in Comets zone.
11:33 of 1st period - Wrist shot by Nicolas Petan.
11:33 of 1st period - Shot Misses the Net.
11:45 of 1st period - Wrist shot by Andrej Nestrasil.
11:45 of 1st period - Stopped by Charlie Lindgren without a rebound.
11:46 of 1st period - Andrej Nestrasil wins face-off versus Logan Brown in Marlies zone.
11:51 of 1st period - Slapshot by Ryan Lomberg.
11:51 of 1st period - Stopped by Charlie Lindgren with a rebound.
11:53 of 1st period - Snap shot by Ryan Lomberg.
11:53 of 1st period - Stopped by Charlie Lindgren without a rebound.
11:54 of 1st period - Nicolas Petan wins face-off versus Colton Sissons in Marlies zone.
11:55 of 1st period - Snap shot by Teemu Hartikainen.
11:55 of 1st period - Stopped by Charlie Lindgren without a rebound.
11:56 of 1st period - Nicholas Baptiste wins face-off versus Nicolas Petan in Marlies zone.
12:35 of 1st period - Slapshot by Ryan Lomberg.
12:35 of 1st period - Shot Blocked by Brett Pesce.
12:37 of 1st period - Snap shot by Daniel Zaar.
12:37 of 1st period - Shot Misses the Net.
12:47 of 1st period - Jeff Corbett is hit by Jean-Sebastien Dea and loses puck.
13:52 of 1st period - Snap shot by Daniel Zaar.
13:52 of 1st period - Shot Blocked by Brett Pesce.
13:54 of 1st period - Slapshot by Tony DeAngelo.
13:54 of 1st period - Shot Blocked by Martin Necas.
13:56 of 1st period - Wrist shot by Andrej Nestrasil.
13:56 of 1st period - Shot Blocked by Jeff Corbett.
14:08 of 1st period - Wrist shot by Aleksi Saarela.
14:08 of 1st period - Shot Blocked by Jonas Brodin.
14:20 of 1st period - Wrist shot by Nicholas Baptiste.
14:20 of 1st period - Deflect By Colton Sissons.
14:20 of 1st period - Shot Blocked by Tony DeAngelo.
14:20 of 1st period - Puck is out of play.
14:21 of 1st period - Alex Formenton wins face-off versus Nicolas Petan in Comets zone.
14:53 of 1st period - Slapshot by Colton Sissons.
14:53 of 1st period - Deflect By Valentin Zykov.
14:53 of 1st period - Shot Misses the Net.
14:53 of 1st period - Puck is out of play.
14:54 of 1st period - Colton Sissons wins face-off versus Nicolas Petan in Comets zone.
14:55 of 1st period - Wrist shot by Nicholas Baptiste.
14:55 of 1st period - Stopped by Thatcher Demko with a rebound.
14:57 of 1st period - Slapshot by Valentin Zykov.
14:57 of 1st period - Goal by Valentin Zykov - Comets : 0 - Marlies : 1.
14:58 of 1st period - Colton Sissons wins face-off versus Nicolas Petan in neutral zone.
15:30 of 1st period - Wrist shot by Alex Formenton.
15:30 of 1st period - Shot Misses the Net.
15:32 of 1st period - Snap shot by Mathieu Olivier.
15:32 of 1st period - Deflect By Alex Formenton.
15:32 of 1st period - Stopped by Thatcher Demko with a rebound.
15:39 of 1st period - Icing by Tony DeAngelo.
15:40 of 1st period - Joel Eriksson Ek wins face-off versus Matthew Highmore in Comets zone.
15:40 of 1st period - Joel Eriksson Ek is hit by Keaton Thompson.
15:46 of 1st period - Keaton Thompson is hit by Joel Eriksson Ek and loses puck.
16:19 of 1st period - Jonas Brodin is hit by Colton Sissons and loses puck.
16:33 of 1st period - Icing by Brett Pesce.
16:34 of 1st period - Andrej Nestrasil wins face-off versus Logan Brown in Marlies zone.
16:51 of 1st period - Wrist shot by Mathieu Olivier.
16:51 of 1st period - Deflect By Alex Formenton.
16:51 of 1st period - Stopped by Thatcher Demko without a rebound.
16:52 of 1st period - Colton Sissons wins face-off versus Nicolas Petan in Comets zone.
17:49 of 1st period - Slapshot by Andrej Nestrasil.
17:49 of 1st period - Stopped by Charlie Lindgren with a rebound.
18:03 of 1st period - Minor Penalty to Pierre-Olivier Joseph for Hooking.
18:04 of 1st period - Colton Sissons wins face-off versus Joel Eriksson Ek in Marlies zone.
Goals for this period are 0 for Comets vs 1 for Marlies.
Shots for this period are 9 for Comets vs 13 for Marlies.

2nd period


0:01 of 2nd period - Colton Sissons wins face-off versus Nicolas Petan in neutral zone.
0:03 of 2nd period - Penalty to Pierre-Olivier Joseph is over, Pierre-Olivier Joseph is back on ice.
0:03 of 2nd period - Off-side.
0:04 of 2nd period - Nicolas Petan wins face-off versus Colton Sissons in neutral zone.
0:13 of 2nd period - Tony DeAngelo is hit by Valentin Zykov and loses puck.
1:17 of 2nd period - Slapshot by Juuso Riikola.
1:17 of 2nd period - Deflect By Teemu Pulkkinen.
1:17 of 2nd period - Stopped by Charlie Lindgren without a rebound.
1:18 of 2nd period - Nicolas Petan wins face-off versus Valentin Zykov in Marlies zone.
2:50 of 2nd period - Wrist shot by Nicholas Baptiste.
2:50 of 2nd period - Stopped by Thatcher Demko without a rebound.
2:51 of 2nd period - Matthew Highmore wins face-off versus Jean-Sebastien Dea in Comets zone.
3:06 of 2nd period - Snap shot by Matthew Highmore.
3:06 of 2nd period - Shot Misses the Net.
3:43 of 2nd period - Pierre-Olivier Joseph is hit by Teemu Hartikainen and loses puck.
3:48 of 2nd period - Snap shot by Denis Gurianov.
3:48 of 2nd period - Deflect By Teemu Hartikainen.
3:48 of 2nd period - Shot Misses the Net.
3:48 of 2nd period - Puck is out of play.
3:49 of 2nd period - Nicolas Petan wins face-off versus Nicholas Baptiste in Marlies zone.
3:50 of 2nd period - Wrist shot by Teemu Hartikainen.
3:50 of 2nd period - Shot Blocked by Jeff Corbett.
3:56 of 2nd period - Wrist shot by Teemu Hartikainen.
3:56 of 2nd period - Shot Blocked by Nicholas Baptiste.
4:04 of 2nd period - Slapshot by Tony DeAngelo.
4:04 of 2nd period - Shot Blocked by Jeff Corbett.
4:16 of 2nd period - Wrist shot by Andrej Nestrasil.
4:16 of 2nd period - Goal by Andrej Nestrasil - Comets : 1 - Marlies : 1.
4:17 of 2nd period - Colton Sissons wins face-off versus Nicolas Petan in neutral zone.
4:22 of 2nd period - Slapshot by Nicholas Baptiste.
4:22 of 2nd period - Shot Blocked by Jonas Brodin.
5:25 of 2nd period - Logan Brown is hit by Juuso Riikola and loses puck.
5:38 of 2nd period - Slapshot by Pierre-Olivier Joseph.
5:38 of 2nd period - Stopped by Thatcher Demko with a rebound.
5:56 of 2nd period - Slapshot by Pierre-Olivier Joseph.
5:56 of 2nd period - Shot Misses the Net.
6:00 of 2nd period - Wrist shot by Logan Brown.
6:00 of 2nd period - Goal by Logan Brown - Comets : 1 - Marlies : 2.
6:01 of 2nd period - Andrej Nestrasil wins face-off versus Colton Sissons in neutral zone.
8:19 of 2nd period - Wrist shot by Curtis Lazar.
8:19 of 2nd period - Stopped by Charlie Lindgren with a rebound.
8:59 of 2nd period - Icing by Tyler Benson.
9:00 of 2nd period - Andrej Nestrasil wins face-off versus Aleksi Saarela in Marlies zone.
9:01 of 2nd period - Wrist shot by Daniel Zaar.
9:01 of 2nd period - Shot Blocked by Dennis Gilbert.
9:23 of 2nd period - Tyler Benson is hit by Juuso Riikola and loses puck.
9:32 of 2nd period - Snap shot by Ryan Lomberg.
9:32 of 2nd period - Shot Blocked by Dennis Gilbert.
9:34 of 2nd period - Backhand shot by Andrej Nestrasil.
9:34 of 2nd period - Shot Misses the Net.
9:36 of 2nd period - Slapshot by Andrej Nestrasil.
9:36 of 2nd period - Stopped by Charlie Lindgren without a rebound.
9:37 of 2nd period - Colton Sissons wins face-off versus Teemu Hartikainen in Marlies zone.
9:52 of 2nd period - Snap shot by Valentin Zykov.
9:52 of 2nd period - Stopped by Thatcher Demko without a rebound.
9:53 of 2nd period - Nicolas Petan wins face-off versus Alex Formenton in Comets zone.
10:29 of 2nd period - Wrist shot by Daniel Zaar.
10:29 of 2nd period - Shot Misses the Net.
10:31 of 2nd period - Slapshot by Jonas Brodin.
10:31 of 2nd period - Shot Blocked by Valentin Zykov.
10:45 of 2nd period - Teemu Pulkkinen is hit by Brett Pesce and loses puck.
11:05 of 2nd period - Wrist shot by Jean-Sebastien Dea.
11:05 of 2nd period - Shot Blocked by Matthew Highmore.
11:07 of 2nd period - Snap shot by Vince Hinostroza.
11:07 of 2nd period - Shot Misses the Net.
11:09 of 2nd period - Slapshot by Vince Hinostroza.
11:09 of 2nd period - Shot Misses the Net.
11:21 of 2nd period - Snap shot by Logan Brown.
11:21 of 2nd period - Stopped by Thatcher Demko without a rebound.
11:22 of 2nd period - Nicolas Petan wins face-off versus Mathieu Olivier in Comets zone.
11:22 of 2nd period - Nicolas Petan is hit by Alex Formenton.
12:20 of 2nd period - Slapshot by Tony DeAngelo.
12:20 of 2nd period - Shot Misses the Net.
12:28 of 2nd period - Wrist shot by Teemu Hartikainen.
12:28 of 2nd period - Goal by Teemu Hartikainen - Comets : 2 - Marlies : 2.
12:29 of 2nd period - Colton Sissons wins face-off versus Daniel Zaar in neutral zone.
12:40 of 2nd period - Snap shot by Ryan Lomberg.
12:40 of 2nd period - Deflect By Nicholas Baptiste.
12:40 of 2nd period - Stopped by Charlie Lindgren with a rebound.
12:56 of 2nd period - Curtis Lazar is hit by Tyler Benson and loses puck.
13:01 of 2nd period - Snap shot by Aleksi Saarela.
13:01 of 2nd period - Shot Blocked by Juuso Riikola.
13:51 of 2nd period - Wrist shot by Teemu Hartikainen.
13:51 of 2nd period - Shot Misses the Net.
14:03 of 2nd period - Wrist shot by Mathieu Olivier.
14:03 of 2nd period - Stopped by Thatcher Demko with a rebound.
14:05 of 2nd period - Wrist shot by Mathieu Olivier.
14:05 of 2nd period - Shot Blocked by Teemu Pulkkinen.
14:07 of 2nd period - Slapshot by Dennis Gilbert.
14:07 of 2nd period - Stopped by Thatcher Demko with a rebound.
14:09 of 2nd period - Snap shot by Alex Formenton.
14:09 of 2nd period - Shot Misses the Net.
15:58 of 2nd period - Keaton Thompson is hit by Gustav Lindstrom and loses puck.
16:24 of 2nd period - Wrist shot by Denis Gurianov.
16:24 of 2nd period - Goal by Denis Gurianov - Comets : 3 - Marlies : 2.
16:25 of 2nd period - Colton Sissons wins face-off versus Nicolas Petan in neutral zone.
17:24 of 2nd period - Wrist shot by Valentin Zykov.
17:24 of 2nd period - Goal by Valentin Zykov - Comets : 3 - Marlies : 3.
17:25 of 2nd period - Nicolas Petan wins face-off versus Aleksi Saarela in neutral zone.
18:21 of 2nd period - Snap shot by Pierre-Olivier Joseph.
18:21 of 2nd period - Shot Blocked by Tony DeAngelo.
18:23 of 2nd period - Wrist shot by Tobias Lindberg.
18:23 of 2nd period - Shot Misses the Net.
18:25 of 2nd period - Snap shot by Henri Ikonen.
18:25 of 2nd period - Stopped by Thatcher Demko with a rebound.
19:13 of 2nd period - Slapshot by Phil Di Giuseppe.
19:13 of 2nd period - Stopped by Charlie Lindgren without a rebound.
19:14 of 2nd period - Aleksi Saarela wins face-off versus Nicolas Petan in Marlies zone.
19:24 of 2nd period - Off-side.
19:25 of 2nd period - Nicolas Petan wins face-off versus Colton Sissons in neutral zone.
19:50 of 2nd period - Jeff Corbett is hit by Ryan Lomberg and loses puck.
Goals for this period are 3 for Comets vs 2 for Marlies.
Shots for this period are 8 for Comets vs 9 for Marlies.

3rd period


0:01 of 3rd period - Colton Sissons wins face-off versus Denis Gurianov in neutral zone.
0:16 of 3rd period - Nicholas Baptiste is hit by Nicolas Petan and loses puck.
0:28 of 3rd period - Off-side.
0:29 of 3rd period - Andrej Nestrasil wins face-off versus Aleksi Saarela in neutral zone.
0:32 of 3rd period - Wrist shot by Ryan Lomberg.
0:32 of 3rd period - Goal by Ryan Lomberg - Comets : 4 - Marlies : 3.
0:33 of 3rd period - Nicolas Petan wins face-off versus Colton Sissons in neutral zone.
0:36 of 3rd period - Slapshot by Tony DeAngelo.
0:36 of 3rd period - Shot Blocked by Jeff Corbett.
0:39 of 3rd period - Icing by Nicholas Baptiste.
0:40 of 3rd period - Colton Sissons wins face-off versus Nicolas Petan in Marlies zone.
0:47 of 3rd period - Snap shot by Nicholas Baptiste.
0:47 of 3rd period - Goal by Nicholas Baptiste - Comets : 4 - Marlies : 4.
0:48 of 3rd period - Nicolas Petan wins face-off versus Valentin Zykov in neutral zone.
1:22 of 3rd period - Wrist shot by Daniel Zaar.
1:22 of 3rd period - Shot Hit the Post.
2:12 of 3rd period - Phil Di Giuseppe is hit by Dennis Gilbert and loses puck.
2:31 of 3rd period - Valentin Zykov is hit by Andrej Nestrasil and loses puck.
2:42 of 3rd period - Snap shot by Nicholas Baptiste.
2:42 of 3rd period - Shot Misses the Net.
2:44 of 3rd period - Slapshot by Brett Pesce.
2:44 of 3rd period - Stopped by Thatcher Demko with a rebound.
2:46 of 3rd period - Wrist shot by Valentin Zykov.
2:46 of 3rd period - Stopped by Thatcher Demko without a rebound.
2:47 of 3rd period - Aleksi Saarela wins face-off versus Nicolas Petan in Comets zone.
3:19 of 3rd period - Wrist shot by Ryan Lomberg.
3:19 of 3rd period - Stopped by Charlie Lindgren with a rebound.
4:12 of 3rd period - Slapshot by Martin Necas.
4:12 of 3rd period - Deflect By Aleksi Saarela.
4:12 of 3rd period - Shot Blocked by Jonas Brodin.
4:12 of 3rd period - Puck is out of play.
4:13 of 3rd period - Nicolas Petan wins face-off versus Aleksi Saarela in Comets zone.
4:26 of 3rd period - Wrist shot by Martin Necas.
4:26 of 3rd period - Shot Misses the Net.
4:59 of 3rd period - Snap shot by Teemu Hartikainen.
4:59 of 3rd period - Stopped by Charlie Lindgren with a rebound.
5:09 of 3rd period - Wrist shot by Denis Gurianov.
5:09 of 3rd period - Stopped by Charlie Lindgren without a rebound.
5:10 of 3rd period - Andrej Nestrasil wins face-off versus Colton Sissons in Marlies zone.
5:14 of 3rd period - Minor Penalty to Keaton Thompson for Holding.
5:15 of 3rd period - Joel Eriksson Ek wins face-off versus Colton Sissons in Marlies zone.
5:41 of 3rd period - Jeff Corbett is hit by Jonas Brodin and loses puck.
6:12 of 3rd period - Snap shot by Aleksi Saarela.
6:12 of 3rd period - Goal by Aleksi Saarela - Comets : 4 - Marlies : 5.
6:13 of 3rd period - Nicolas Petan wins face-off versus Colton Sissons in neutral zone.
7:14 of 3rd period - Penalty to Keaton Thompson is over, Keaton Thompson is back on ice.
7:17 of 3rd period - Slapshot by Pierre-Olivier Joseph.
7:17 of 3rd period - Shot Blocked by Joel Eriksson Ek.
7:19 of 3rd period - Slapshot by Dennis Gilbert.
7:19 of 3rd period - Shot Misses the Net.
7:21 of 3rd period - Wrist shot by Henri Ikonen.
7:21 of 3rd period - Stopped by Thatcher Demko without a rebound.
7:22 of 3rd period - Jean-Sebastien Dea wins face-off versus Aleksi Saarela in Comets zone.
7:52 of 3rd period - Snap shot by Nicolas Petan.
7:52 of 3rd period - Stopped by Charlie Lindgren without a rebound.
7:53 of 3rd period - Colton Sissons wins face-off versus Nicolas Petan in Marlies zone.
7:57 of 3rd period - Pierre-Olivier Joseph is hit by Dan Renouf.
7:59 of 3rd period - Snap shot by Nicholas Baptiste.
7:59 of 3rd period - Stopped by Thatcher Demko with a rebound.
8:01 of 3rd period - Snap shot by Pierre-Olivier Joseph.
8:01 of 3rd period - Deflect By Colton Sissons.
8:01 of 3rd period - Shot Blocked by Teemu Hartikainen.
8:01 of 3rd period - Puck is out of play.
8:02 of 3rd period - Colton Sissons wins face-off versus Nicolas Petan in Comets zone.
8:03 of 3rd period - Snap shot by Nicholas Baptiste.
8:03 of 3rd period - Shot Misses the Net.
8:05 of 3rd period - Snap shot by Nicholas Baptiste.
8:05 of 3rd period - Shot Misses the Net.
8:07 of 3rd period - Slapshot by Brett Pesce.
8:07 of 3rd period - Stopped by Thatcher Demko with a rebound.
8:09 of 3rd period - Slapshot by Nicholas Baptiste.
8:09 of 3rd period - Stopped by Thatcher Demko with a rebound.
8:11 of 3rd period - Slapshot by Colton Sissons.
8:11 of 3rd period - Stopped by Thatcher Demko without a rebound.
8:12 of 3rd period - Colton Sissons wins face-off versus Nicolas Petan in Comets zone.
8:17 of 3rd period - Wrist shot by Nicholas Baptiste.
8:17 of 3rd period - Shot Misses the Net.
8:19 of 3rd period - Wrist shot by Colton Sissons.
8:19 of 3rd period - Shot Blocked by Tony DeAngelo.
8:24 of 3rd period - Minor Penalty to Nicolas Petan for Boarding.
8:25 of 3rd period - Daniel Zaar wins face-off versus Colton Sissons in Comets zone.
10:24 of 3rd period - Penalty to Nicolas Petan is over, Nicolas Petan is back on ice.
10:32 of 3rd period - Teemu Hartikainen is hit by Henri Ikonen.
11:12 of 3rd period - Wrist shot by Dan Renouf.
11:12 of 3rd period - Deflect By Teemu Hartikainen.
11:12 of 3rd period - Shot Blocked by Tobias Lindberg.
11:12 of 3rd period - Puck is out of play.
11:13 of 3rd period - Joel Eriksson Ek wins face-off versus Logan Brown in Marlies zone.
11:18 of 3rd period - Wrist shot by Joel Eriksson Ek.
11:18 of 3rd period - Stopped by Charlie Lindgren with a rebound.
11:56 of 3rd period - Minor Penalty to Adam Ollas-Mattsson for Goalie Interference.
11:57 of 3rd period - Daniel Zaar wins face-off versus Colton Sissons in Comets zone.
12:10 of 3rd period - Juuso Riikola is hit by Nicholas Baptiste and loses puck.
12:23 of 3rd period - Jeff Corbett is hit by Nicolas Petan and loses puck.
13:56 of 3rd period - Penalty to Adam Ollas-Mattsson is over, Adam Ollas-Mattsson is back on ice.
13:58 of 3rd period - Slapshot by Teemu Pulkkinen.
13:58 of 3rd period - Shot Misses the Net.
14:00 of 3rd period - Wrist shot by Dan Renouf.
14:00 of 3rd period - Shot Misses the Net.
14:02 of 3rd period - Snap shot by Tony DeAngelo.
14:02 of 3rd period - Stopped by Charlie Lindgren without a rebound.
14:03 of 3rd period - Tobias Lindberg wins face-off versus Jean-Sebastien Dea in Marlies zone.
14:30 of 3rd period - Alex Formenton is hit by Teemu Hartikainen and loses puck.
14:47 of 3rd period - Gustav Lindstrom is hit by Jeff Corbett and loses puck.
15:36 of 3rd period - Wrist shot by Vince Hinostroza.
15:36 of 3rd period - Shot Blocked by Keaton Thompson.
15:38 of 3rd period - Snap shot by Jean-Sebastien Dea.
15:38 of 3rd period - Shot Misses the Net.
15:40 of 3rd period - Slapshot by Jonas Brodin.
15:40 of 3rd period - Stopped by Charlie Lindgren with a rebound.
16:00 of 3rd period - Slapshot by Pierre-Olivier Joseph.
16:00 of 3rd period - Stopped by Thatcher Demko without a rebound.
16:01 of 3rd period - Alex Formenton wins face-off versus Andrej Nestrasil in Comets zone.
16:02 of 3rd period - Wrist shot by Logan Brown.
16:02 of 3rd period - Shot Misses the Net.
16:04 of 3rd period - Slapshot by Mathieu Olivier.
16:04 of 3rd period - Shot Misses the Net.
16:06 of 3rd period - Wrist shot by Mathieu Olivier.
16:06 of 3rd period - Shot Blocked by Ryan Lomberg.
16:35 of 3rd period - Slapshot by Brett Pesce.
16:35 of 3rd period - Deflect By Alex Formenton.
16:35 of 3rd period - Shot Misses the Net.
16:35 of 3rd period - Puck is out of play.
16:36 of 3rd period - Colton Sissons wins face-off versus Andrej Nestrasil in Comets zone.
16:43 of 3rd period - Wrist shot by Nicholas Baptiste.
16:43 of 3rd period - Stopped by Thatcher Demko without a rebound.
16:44 of 3rd period - Andrej Nestrasil wins face-off versus Colton Sissons in Comets zone.
16:44 of 3rd period - Andrej Nestrasil is hit by Colton Sissons.
16:47 of 3rd period - Minor Penalty to Daniel Zaar for Roughing.
16:48 of 3rd period - Colton Sissons wins face-off versus Joel Eriksson Ek in Comets zone.
17:23 of 3rd period - Wrist shot by Tyler Benson.
17:23 of 3rd period - Shot Blocked by Teemu Hartikainen.
17:50 of 3rd period - Wrist shot by Aleksi Saarela.
17:50 of 3rd period - Shot Misses the Net.
18:12 of 3rd period - Slapshot by Pierre-Olivier Joseph.
18:12 of 3rd period - Deflect By Andrej Nestrasil.
18:12 of 3rd period - Goal by Pierre-Olivier Joseph - Comets : 4 - Marlies : 6.
18:13 of 3rd period - Nicolas Petan wins face-off versus Colton Sissons in neutral zone.
18:16 of 3rd period - Wrist shot by Denis Gurianov.
18:16 of 3rd period - Stopped by Charlie Lindgren without a rebound.
18:17 of 3rd period - Denis Gurianov wins face-off versus Colton Sissons in Marlies zone.
Goals for this period are 1 for Comets vs 3 for Marlies.
Shots for this period are 9 for Comets vs 12 for Marlies.